 Dungeon Crawl Stone Soup version 0.30-a0-1116-gebefce21f7 (webtiles) character file.

Game seed: 1186395371734833014

2394 dracfodder the Trooper (level 9, -2/58 HPs)
             Began as a Gargoyle Fighter on Apr 21, 2023.
             Was a Believer of Okawaru.
             Slain by an orc warrior
             ... wielding a +0 broad axe
              (5 damage)
             ... in a bailey.
             The game lasted 00:20:04 (5273 turns).

dracfodder the Trooper (Gargoyle Fighter)           Turns: 5273, Time: 00:20:05

Health: -2/58      AC: 23    Str: 27    XL:     9   Next: 46%
Magic:  0/9        EV:  8    Int:  9    God:    Okawaru [**....]
Gold:   161        SH: 13    Dex:  9    Spells: 8/8 levels left

rFire   . . .      SeeInvis .    a - +1 flail (vamp)
rCold   . . .      Faith    .    n - +0 tower shield
rNeg    + . .      Spirit   +    p - +6 ring mail "Tieximox" {Str+3}
rPois   ∞          Reflect  .    (no helmet)
rElec   +          Rampage  .    e - +0 cloak
rCorr   .                        o - +1 pair of gloves
Will    .....                    k - +0 pair of boots Stlth
                                 j - amulet of guardian spirit
HPRegen 0.29/turn                (no ring)
MPRegen 0.11/turn                (no ring)

@: no status effects
A: sickness immunity, AC +6, negative energy resistance 1, electricity
resistance, torment resistance 1, petrification resistance
a: Renounce Religion, Heroism


You were in a bailey.
You worshipped Okawaru.
Okawaru was pleased with you.
You visited 1 branch of the dungeon, and saw 7 of its levels.
You also visited: Bailey.

You collected 329 gold pieces.
You spent 168 gold pieces at shops.

Inventory:

Hand Weapons
 a - a +1 vampiric flail (weapon)
 m - a +2 dagger of speed
Missiles
 g - 28 boomerangs (quivered)
 q - 2 boomerangs of dispersal
Armour
 e - a +0 cloak (worn)
 k - a +0 pair of boots (worn)
 n - a +0 tower shield (worn)
 o - a +1 pair of gloves (worn)
 p - the +6 ring mail "Tieximox" (worn) {Str+3}
   (You found it on level 5 of the Dungeon)

   Str:       It affects your strength (+3).
 t - a +0 crystal plate armour
Jewellery
 j - an amulet of guardian spirit (around neck)
 x - an amulet of faith
Wands
 h - a wand of flame (55)
 u - a wand of quicksilver (15)
Scrolls
 f - 2 scrolls of brand weapon
Potions
 b - a potion of lignification
 c - a potion of magic {unknown}
 d - a potion of might
 i - 2 potions of curing
 l - a potion of flight {unknown}
 r - a potion of invisibility {unknown}
 s - a potion of attraction {unknown}
 v - a potion of heal wounds


   Skills:
 * Level 7.6 Fighting
 + Level 7.1 Maces & Flails
 + Level 0.1 Throwing
 + Level 5.2 Armour
 + Level 3.3 Dodging
 + Level 0.3 Stealth
 + Level 7.2 Shields


You had 8 spell levels left.
You didn't know any spells.
Your spell library contained the following spells:

 Spells                   Type           Power      Damage    Failure   Level
 Ensorcelled Hibernation  Hex/Ice        0%         N/A       100%        2
 Passwall                 Tmut/Erth      0%         N/A       100%        2
 Swiftness                Air            0%         N/A       100%        3
 Summon Small Mammal      Summ           Unusable   N/A       N/A         1
 Call Canine Familiar     Summ           Unusable   N/A       N/A         3
 Summon Guardian Golem    Hex/Summ       Unusable   N/A       N/A         3

Dungeon Overview and Level Annotations

Branches:
Dungeon (7/15)             Temple (0/1) D:7          Bailey (1/1)

Altars:
Cheibriados
Dithmenos
Okawaru
Ru
Trog
Xom
Yredelemnul
Zin

Shops:
D:4 !


Innate Abilities, Weirdness & Mutations

You are immune to sickness and miasma.
Your stone body is resilient. (AC +6)
You are immune to poison.
You resist negative energy. (rN+)
You are resistant to electric shocks. (rElec)
You are resistant to unholy torment.
You are immune to petrification.


Message History

You block the orc warrior's attack.
The orc warrior hits you but does no damage.
You block the orc warrior's attack.
The orc warrior hits you with a +0 broad axe.
* * * LOW HITPOINT WARNING * * *
The orc warrior hits you but does no damage.
You sock the orc warrior!
You kill the orc warrior!
Okawaru accepts your kill.
The orc warrior hits you but does no damage.
The orc warrior closely misses you.
Unknown command.
You bludgeon the orc warrior!!
You feel better.
You kill the orc warrior!
Okawaru accepts your kill. You block the orc warrior's attack.
The orc warrior hits you but does no damage. x2
The orc warrior closely misses you. You block the orc warrior's attack.
You barely miss the orc warrior. You block the orc warrior's attack.
The orc warrior closely misses you.
The orc warrior hits you with a +0 broad axe.
Unknown command.
You thump the orc warrior!
The orc warrior is almost dead.
The orc warrior hits you with a +0 broad axe.
* * * LOW HITPOINT WARNING * * *
The orc warrior hits you with a +0 battleaxe.
* * * LOW HITPOINT WARNING * * *
You block the orc warrior's attack. x2
You miss the orc warrior.
The orc warrior hits you but does no damage.
The orc warrior closely misses you.
The orc warrior hits you with a +0 broad axe!
* * * LOW HITPOINT WARNING * * *
You block the orc warrior's attack.
The orc warrior hits you but does no damage.
You hit the orc warrior but do no damage.
You block the orc warrior's attack. x2
The orc warrior hits you with a +0 broad axe!
You die...

###K### ##..().##
#..o8...# #∩.....∩#
##...).##
####'''####
##~.......~##
#####~~.......~~###
#o@oo~~.......~~...
#o###~~.......~~###
#. ..~~.......~~...
#K###~~.......~~###
#. ..~~.......~~...
#. ##~~.......~~###
#. ..~~.......~~...
#. ##~~.......~~###
..~~.......~~...


You could see 4 orc warriors and a kobold brigand.

Vanquished Creatures
  Grinder (D:6)
  4 orc warriors
  2 sky beasts
  2 ice beasts
  A phantom (D:6)
  4 kobold brigands (Bailey)
  A bullfrog (D:6)
  8 scorpions
  A howler monkey (D:5)
  4 hounds
  A jelly (D:5)
  2 orc priests (D:7)
  A sleepcap (D:6)
  3 orc wizards
  Robin (D:2)
  6 adders
  2 shadow imps
  2 white imps
  An ufetubus (D:6)
  A worm (D:2)
  A dart slug (D:3)
  19 orcs
  11 endoplasms
  4 giant cockroaches
  8 goblins
  12 hobgoblins
  6 jackals
  14 kobolds
  2 quokkas
  7 ball pythons
  6 frilled lizards
  6 rats (D:1)
144 creatures vanquished.

Vanquished Creatures (others)
  An angel (D:3)
1 creature vanquished.

Grand Total: 145 creatures vanquished

Notes
Turn   | Place    | Note
-------+----------+-------------------------------------------
     0 | D:1      | dracfodder the Gargoyle Fighter began the quest for the
                  | Orb.
     0 | D:1      | Reached XP level 1. HP: 14/14 MP: 1/1
   135 | D:1      | Reached XP level 2. HP: 19/19 MP: 2/2
   742 | D:2      | Reached XP level 3. HP: 24/24 MP: 3/3
   942 | D:2      | Noticed Robin
   949 | D:2      | Reached XP level 4. HP: 29/29 MP: 2/4
   995 | D:2      | Killed Robin
  1555 | D:3      | Found a bloodstained altar of Trog.
  1560 | D:3      | Reached XP level 5. HP: 34/34 MP: 5/5
  1715 | D:3      | Noticed an angel
  1716 | D:3      | Found a shimmering altar of Xom.
  1716 | D:3      | Found a glowing silver altar of Zin.
  1735 | D:3      | Killed an angel
  2220 | D:4      | Found Ineoj's Distillery.
  2231 | D:4      | Bought a potion of degeneration for 12 gold pieces
  2231 | D:4      | Bought 2 potions of heal wounds for 120 gold pieces
  2231 | D:4      | Bought a potion of curing for 36 gold pieces
  2491 | D:4      | You fall into a shaft and drop 2 floors!
  2502 | D:6      | Found a sacrificial altar of Ru.
  2603 | D:5      | Entered Level 5 of the Dungeon
  2610 | D:5      | Identified the +6 ring mail "Tieximox" {Str+3}
  2614 | D:5      | Reached XP level 6. HP: 38/39 MP: 6/6
  2823 | D:5      | Reached skill level 1 in Dodging
  2827 | D:5      | Reached skill level 5 in Fighting
  2900 | D:5      | Reached XP level 7. HP: 43/44 MP: 7/7
  3115 | D:5      | Reached skill level 5 in Maces & Flails
  3437 | D:5      | Found a basalt altar of Yredelemnul.
  3443 | D:5      | Found a shadowy altar of Dithmenos.
  3443 | D:5      | Found an iron altar of Okawaru.
  3447 | D:5      | Found a snail-covered altar of Cheibriados.
  3451 | D:5      | Became a worshipper of Warmaster Okawaru
  3997 | D:6      | Noticed Grinder
  4000 | D:6      | Paralysed by Grinder for 2 turns
  4027 | D:6      | Killed Grinder
  4028 | D:6      | Reached skill level 5 in Shields
  4028 | D:6      | Reached XP level 8. HP: 43/51 MP: 4/8
  4285 | D:6      | Reached * piety under Okawaru
  4716 | D:7      | Found a staircase to the Ecumenical Temple.
  4900 | D:7      | Reached XP level 9. HP: 57/57 MP: 9/9
  4956 | D:7      | Reached ** piety under Okawaru
  4969 | D:7      | Reached skill level 5 in Armour
  5013 | D:7      | Found a flagged portal.
  5022 | Bailey   | Entered a bailey
  5273 | Bailey   | Slain by an orc warrior

Illustrated notes

Levels and vault maps discovered:
D:1:      dpeg_arrival_court, layout_rooms
D:2:      layout_rooms, uniq_robin
D:3:      layout_loops_cross, grunt_temple_overflow_order_and_chaos_1,
          mainiacjoe_overflow_boulevard, grunt_ministairs_6, minivault_4
D:4:      layout_gridville, serial_shops, shop
D:5:      layout_basic, minitemple
D:6:      layout_gridville, nicolae_ru_sacrificial_ziggurat,
          nicolae_concentric_dashed_squares_wild, uniq_grinder
D:7:      layout_loops_ring, marbit_many_paths, minmay_temple_entry_sparse_star,
          enter_bailey_2
Bailey:   bailey_axe_3, bailey

Skill      XL: |  1  2  3  4  5  6  7  8  9 |
---------------+----------------------------+-----
Maces & Flails | 3 4 5 6 7 |  7.1
Fighting       | 4 5 6 7 |  7.6
Armour         | 4 5 |  5.2
Shields        | 4 5 6 7 |  7.2
Dodging        | 1 2 3 |  3.3
Throwing       | |  0.1
Stealth        | |  0.3

Action                     |  1- 3 |  4- 6 |  7- 9 || total
---------------------------+-------+-------+-------++-------
  Melee: Flail             |   113 |   222 |   322 ||   657
  Throw: Boomerang         |       |       |    14 ||    14
    Use: Scroll            |     2 |     7 |     2 ||    11
         Potion            |       |       |     3 ||     3
   Stab: Fleeing           |       |       |     1 ||     1
 Armour: Scale mail        |     8 |       |       ||     8
         Plate armour      |    74 |   183 |       ||   257
         Ring mail         |       |    33 |   299 ||   332
  Dodge: Dodged            |    32 |    65 |   161 ||   258
  Block: Buckler           |    22 |    20 |       ||    42
         Tower shield      |       |   148 |   334 ||   482

Table legend: (Time is in decaauts)
 A = Elapsed time spent in this place.
 B = Non-inter-level travel time spent in this place.
 C = Inter-level travel time spent in this place.
 D = Time resting spent in this place.
 E = Time spent auto-exploring this place.
 F = Levels seen in this place.
 G = Mean time per level.
                   A        B        C        D        E       F      G
               +--------+--------+--------+--------+--------+-----+--------+
         Total |   5583 |   5360 |    223 |    148 |   3559 |   8 |  697.9 |
       Dungeon |   5275 |   5052 |    223 |    136 |   3520 |   7 |  753.6 |
        Bailey |    307 |    307 |      0 |     12 |     39 |   1 |  307.0 |
               +--------+--------+--------+--------+--------+-----+--------+

Top non-repeatable levels by time:
     D:5: 967 daAuts
     D:6: 877 daAuts
     D:4: 845 daAuts
     D:3: 828 daAuts
     D:1: 714 daAuts
     D:2: 655 daAuts
     D:7: 386 daAuts
  Bailey: 307 daAuts
